 Dungeon Crawl Stone Soup version 0.31-a0-198-g2ad674f65e (webtiles) character file.

Game seed: 9339716720530240470

1590 qw the Skirmisher (level 8, 0/46 HPs)
             Began as a Deep Elf Hunter on June 25, 2023.
             Was a Follower of Okawaru.
             Slain by a wight
             ... wielding a +4 long sword
              (14 damage)
             ... on level 6 of the Dungeon.
             The game lasted 00:01:54 (5610 turns).

qw the Skirmisher (Deep Elf Hunter)                 Turns: 5610, Time: 00:01:54

Health: 0/46       AC:  9    Str: 10    XL:     8   Next: 61%
Magic:  12/13      EV: 19    Int: 15    God:    Okawaru [*.....]
Gold:   365        SH:  0    Dex: 18    Spells: 7/7 levels left

rFire   . . .        c - +5 arbalest (heavy)
rCold   . . .        (shield currently unavailable)
rNeg    . . .        j - +2 robe "Reyhonu" {Fly}
rPois   .            b - +2 helmet
rElec   .            (no cloak)
rCorr   .            (no gloves)
SInv    .            h - +1 pair of boots
Will    .....        e - amulet of faith
Stlth   +++          (no ring)
HPRegen 0.27/turn    (no ring)
MPRegen 0.13/turn

%: faith
@: heroic, flying
A: no striking features
a: Renounce Religion, Heroism


You were on level 6 of the Dungeon.
You worshipped Okawaru.
Okawaru was aware of your devotion.
You visited 2 branches of the dungeon, and saw 8 of its levels.
You also visited: Ossuary.

You collected 431 gold pieces.
You spent 66 gold pieces at shops.


   Skills:
 - Level 3.1(8.1) Fighting
 + Level 12.1(17.1) Ranged Weapons
 - Level 5.7(10.7) Dodging
 - Level 1.2(6.2) Stealth
 - Level 4.1 Invocations


You had 7 spell levels left.
You didn't know any spells.
Your spell library was empty.

Inventory:

Hand Weapons
 c - a +5 heavy arbalest (weapon)
Armour
 b - a +2 helmet (worn)
 h - a +1 pair of boots (worn)
 j - the +2 robe "Reyhonu" (worn) {Fly}
   (You found it on level 3 of the Dungeon)

   Fly:       It grants you flight.
 k - a +0 ring mail
Jewellery
 e - an amulet of faith (around neck)
 m - an amulet of regeneration
Scrolls
 f - a scroll of identify
 g - 5 scrolls of teleportation
Potions
 a - a potion of resistance
 d - 2 potions of enlightenment
 i - 5 potions of curing
 l - a potion of magic
 n - a potion of heal wounds
 o - a potion of haste {unknown}
 p - a potion of cancellation {unknown}

Dungeon Overview and Level Annotations

Branches:
Dungeon (7/15)             Temple (1/1) D:4         Ossuary (visited)

Altars:
Ashenzari
Cheibriados
Dithmenos
Elyvilon
Fedhas
Gozag
Hepliaklqana
Kikubaaqudgha
Makhleb
Nemelex Xobeh
Okawaru
Qazlal
Ru
Sif Muna
Trog
Uskayaw
Vehumet
Wu Jian
Xom
Yredelemnul
Zin
The Shining One

Shops:
D:1 *!!=:   D:2 !=

Annotations:
D:6 exclusion: gnoll sergeant


Message History

You shoot a bolt. The gnoll shouts!
The bolt hits the gnoll!!!
You kill the gnoll!
Okawaru accepts your kill. The gnoll closely misses you.
The gnoll completely misses you. x2
You shoot a bolt. The bolt hits the gnoll!!!
You kill the gnoll!
Okawaru accepts your kill. The gnoll hits you but does no damage.
You shoot a bolt.
The bolt hits the gnoll but does no damage.
The gnoll misses you. The gnoll completely misses you.
You shoot a bolt. The bolt barely misses the gnoll.
The gnoll completely misses you. x2
A wight comes into view. It is wielding a +0 short sword.
You shoot a bolt. The bolt hits the gnoll.
The gnoll is moderately wounded.
The gnoll misses you. x2; The gnoll hits you with a +0 flail.
The gnoll hits you but does no damage.
A wight comes into view. It is wielding a +0 scimitar.
You shoot a bolt. The bolt closely misses the gnoll.
A wight comes into view. It is wielding a +4 long sword.
The gnoll closely misses you. The gnoll misses you.
The wight completely misses you.
You shoot a bolt. The bolt hits the gnoll!!
You kill the gnoll!
Okawaru accepts your kill. The gnoll hits you but does no damage.
The wight hits you with a +0 short sword.
You feel drained. The wight barely misses you.
The gnoll hits you from afar with a +0 spear.
Your life force feels restored.
You shoot a bolt. The bolt hits the wight!!
You destroy the wight!
Okawaru accepts your kill.
The wight hits you with a +4 long sword!
The gnoll barely misses you.
The wight hits you with a +4 long sword!
You die...

#...#......# #.#
#.###..###########.#
#.........#......#.# ##
#...##.#..#.####.#.# .#
#...##...........#.# .#
#.............##.#.# .#
##..........#......#
.##########.#####z#..####.###
..........#...[.@z).......#
..#######.########g..######
..# #.# #...# ..# #.# #...#
### #####.## g..# ###
#......# .... ..#
#.###..#######g..##
..###.##.....>........
...##.##..........


You could see 2 wights and a gnoll.

Vanquished Creatures
  Grinder (D:5)
  Menkaure (D:7)
  Duvessa (D:5)
  A black bear (D:7)
  An orc warrior (D:4)
  A scorpion (D:5)
  A gnoll sergeant (D:6)
  5 wights
  Dowan (D:5)
  2 howler monkeys (D:7)
  A jelly (D:6)
  An orc priest (D:5)
  A sleepcap (D:5)
  2 iguanas
  An orc wizard (D:4)
  12 mummies (Ossuary)
  8 gnolls
  5 adders
  A shadow imp (D:7)
  A white imp (D:5)
  3 worms
  A dart slug (D:2)
  12 orcs
  7 ball pythons
  10 endoplasms
  2 giant cockroaches
  2 goblins (D:3)
  5 hobgoblins
  3 jackals (D:1)
  6 kobolds
  2 quokkas
  5 bats
  2 frilled lizards
  A gnoll skeleton (Ossuary)
  A goblin skeleton (Ossuary)
  A kobold skeleton (Ossuary)
  5 orc skeletons (Ossuary)
  4 rats
  11 rat skeletons (Ossuary)
131 creatures vanquished.

Notes
Turn   | Place    | Note
-------+----------+-------------------------------------------
     0 | D:1      | qw the Deep Elf Hunter began the quest for the Orb.
     0 | D:1      | Reached XP level 1. HP: 12/12 MP: 3/3
     0 | D:1      | 0 ||| qw: Version: 0.3-a-22-g0ed2b0b
     0 | D:1      | 0 ||| qw: Game counter: 5263
     0 | D:1      | 0 ||| qw: Melee chars always use a shield: true
     0 | D:1      | 0 ||| qw: God list: Okawaru
     0 | D:1      | 0 ||| qw: Allow faded altars: false
     0 | D:1      | 0 ||| qw: Do Orc after clearing Dungeon:15 true
     0 | D:1      | 0 ||| qw: Do second Lair branch before Depths: true
     0 | D:1      | 0 ||| qw: Lair rune preference: random
     0 | D:1      | 0 ||| qw: Goals: Normal
     0 | D:1      | 0 ||| PLANNING D:1-11
    59 | D:1      | Found Cesuxkiv's Book Emporium.
   215 | D:1      | Found Curpharphi's Distillery.
   223 | D:1      | 223 ||| SHOPLISTING potion of curing (33 gold, have 0).
   223 | D:1      | 223 ||| SHOPLISTING potion of enlightenment (55 gold, have
                  | 0).
   223 | D:1      | 223 ||| SHOPLISTING potion of haste (110 gold, have 0).
   278 | D:1      | Found Debifeh's Distillery.
   289 | D:1      | 289 ||| SHOPLISTING 2 potions of might (104 gold, have 3).
   289 | D:1      | 289 ||| SHOPLISTING potion of curing (39 gold, have 3).
   289 | D:1      | 289 ||| SHOPLISTING potion of enlightenment (65 gold, have
                  | 3).
   289 | D:1      | 289 ||| SHOPLISTING potion of haste (130 gold, have 3).
   289 | D:1      | 289 ||| SHOPLISTING potion of heal wounds (65 gold, have
                  | 3).
   298 | D:1      | Reached skill level 6 in Ranged Weapons
   298 | D:1      | Reached XP level 2. HP: 14/16 MP: 4/4
   307 | D:1      | Found Annekah's General Store.
   316 | D:1      | 316 ||| SHOPLISTING 2 potions of might (80 gold, have 3).
   316 | D:1      | 316 ||| SHOPLISTING potion of resistance (100 gold, have
                  | 3).
   316 | D:1      | 316 ||| SHOPLISTING scroll of enchant weapon (75 gold, have
                  | 3).
   427 | D:1      | Found a faded altar of an unknown god.
   603 | D:1      | Found Axuziel's Jewellery Boutique.
   606 | D:1      | 606 ||| SHOPLISTING +4 ring of slaying (780 gold, have 28).
   606 | D:1      | 606 ||| SHOPLISTING ring "Loplobes" {+Blink rC- rCorr Int+2
                  | Dex+3} (375 gold, have 28).
   606 | D:1      | 606 ||| SHOPLISTING ring of fire (250 gold, have 28).
   606 | D:1      | 606 ||| SHOPLISTING ring of resist corrosion (200 gold,
                  | have 28).
   606 | D:1      | 606 ||| SHOPLISTING ring of willpower (250 gold, have 28).
   929 | D:1      | 929 ||| UPGRADING to +0 pair of boots.
   934 | D:1      | 934 ||| UPGRADING to +1 pair of boots.
   944 | D:1      | 944 ||| DROPPING +0 pair of boots.
   945 | D:1      | 945 ||| READING scroll labelled XUHOZ ATHRURGH.
   949 | D:1      | 949 ||| READING scroll labelled HOUGOE UCSIY.
   950 | D:1      | 950 ||| DROPPING scroll of butterflies.
  1023 | D:2      | Found Hyutur's Jewellery Boutique.
  1038 | D:2      | 1038 ||| SHOPLISTING +4 ring of slaying (936 gold, have
                  | 28).
  1038 | D:2      | 1038 ||| SHOPLISTING amulet of regeneration (360 gold, have
                  | 28).
  1038 | D:2      | 1038 ||| SHOPLISTING ring of Foecotio {*Slow rF+++ Will-
                  | AC+4 SInv} (868 gold, have 28).
  1038 | D:2      | 1038 ||| SHOPLISTING ring of resist corrosion (240 gold,
                  | have 28).
  1048 | D:2      | Reached XP level 3. HP: 20/20 MP: 5/5
  1275 | D:2      | Found Violl's Distillery.
  1283 | D:2      | 1283 ||| SHOPLISTING 2 potions of resistance (220 gold,
                  | have 116).
  1283 | D:2      | 1283 ||| BUYING potion of curing (33 gold).
  1283 | D:2      | Bought a potion of curing for 33 gold pieces
  1283 | D:2      | 1283 ||| BUYING potion of curing (33 gold).
  1283 | D:2      | Bought a potion of curing for 33 gold pieces
  1283 | D:2      | 1283 ||| SHOPLISTING potion of enlightenment (55 gold, have
                  | 50).
  1283 | D:2      | 1283 ||| SHOPLISTING potion of haste (110 gold, have 50).
  1363 | D:2      | Reached skill level 7 in Ranged Weapons
  1759 | D:2      | 1759 ||| UPGRADING to +0 ring mail.
  1769 | D:2      | 1769 ||| DROPPING +0 leather armour.
  1770 | D:2      | 1770 ||| READING scroll labelled FIUQIU GELI.
  1771 | D:2      | 1771 ||| READING scroll labelled VAOWNIMADGH.
  1772 | D:2      | 1772 ||| READING scroll labelled FAULIWEGOTU.
  1773 | D:2      | 1773 ||| READING 2 scrolls labelled SOUMAI HAMUCOINIS.
  1774 | D:2      | 1774 ||| READING scroll labelled JETHRA ETYJ FAR.
  1775 | D:2      | 1775 ||| READING scroll labelled GOGRIA ELLOTYV.
  1950 | D:3      | Found a blossoming altar of Fedhas.
  2067 | D:3      | Identified the +2 robe "Reyhonu" {Fly}
  2109 | D:3      | Reached XP level 4. HP: 25/25 MP: 6/6
  2120 | D:3      | 2120 ||| FLEEEEING.
  2121 | D:3      | 2121 ||| FLEEEEING.
  2122 | D:3      | 2122 ||| FLEEEEING.
  2123 | D:3      | 2123 ||| FLEEEEING.
  2124 | D:3      | 2124 ||| FLEEEEING.
  2125 | D:3      | 2125 ||| FLEEEEING.
  2126 | D:3      | 2126 ||| FLEEEEING.
  2127 | D:3      | 2127 ||| FLEEEEING.
  2128 | D:3      | 2128 ||| FLEEEEING.
  2129 | D:3      | 2129 ||| FLEEEEING.
  2130 | D:3      | 2130 ||| FLEEEEING.
  2131 | D:3      | 2131 ||| STAIRDANCE
  2161 | D:2      | 2161 ||| UPGRADING to +0 helmet.
  2166 | D:2      | 2166 ||| UPGRADING to +2 robe "Reyhonu" {Fly}.
  2176 | D:2      | 2176 ||| UPGRADING to amulet of faith.
  2181 | D:2      | 2181 ||| READING scroll labelled ZAEWNECSEN.
  2182 | D:2      | 2182 ||| DRINKING 2 fizzy yellow potions.
  2537 | D:3      | 2537 ||| READING 2 scrolls of identify.
  2537 | D:3      | 2537 ||| IDENTIFYING yellow potion
  2538 | D:3      | 2538 ||| DROPPING potion of brilliance.
  2563 | D:4      | 2563 ||| PLANNING OSSUARY
  2587 | D:4      | Found a staircase to the Ecumenical Temple.
  2636 | D:4      | Found a shimmering blue altar of Sif Muna.
  2642 | D:4      | Reached skill level 8 in Ranged Weapons
  2653 | D:4      | Found a bloodstained altar of Trog.
  2654 | D:4      | Noticed an orc warrior
  2656 | D:4      | Killed an orc warrior
  2657 | D:4      | Reached XP level 5. HP: 29/29 MP: 7/7
  2666 | D:4      | Found an ancient bone altar of Kikubaaqudgha.
  2666 | D:4      | Found a snail-covered altar of Cheibriados.
  2672 | D:4      | Found a white marble altar of Elyvilon.
  2681 | D:4      | Found a hide-covered altar of Uskayaw.
  2682 | D:4      | Found a sparkling altar of Nemelex Xobeh.
  2774 | D:4      | Found a sand-covered staircase.
  2775 | D:4      | 2775 ||| READING scroll labelled PEDDIT LOVOBRE.
  2775 | D:4      | Identified a scroll of acquirement
  2775 | D:4      | 2775 ||| ACQUIRING +2 arbalest of freezing
  2775 | D:4      | Acquired a +2 arbalest of freezing
  2777 | D:4      | 2777 ||| SWAPPING to +2 arbalest of freezing.
  2778 | D:4      | 2778 ||| DROPPING +0 shortbow of electrocution.
  2779 | D:4      | 2779 ||| READING scroll labelled FOXZUS GUI.
  2788 | Ossuary  | Entered an ossuary
  2858 | Ossuary  | Reached XP level 6. HP: 34/34 MP: 8/8
  2861 | Ossuary  | 2861 ||| READING scroll of brand weapon.
  2861 | Ossuary  | 2861 ||| BRANDING +3 arbalest of freezing.
  2911 | Ossuary  | 2911 ||| READING scroll of enchant weapon.
  2911 | Ossuary  | 2911 ||| ENCHANTING +3 heavy arbalest.
  2929 | Ossuary  | Reached skill level 9 in Ranged Weapons
  3069 | Ossuary  | 3069 ||| READING scroll labelled SICENI USI FAH.
  3070 | Ossuary  | 3070 ||| DRINKING 4 dark potions.
  3071 | Ossuary  | 3071 ||| DRINKING 4 potions of curing.
  3071 | Ossuary  | 3071 ||| (to cure confusion)
  3072 | Ossuary  | 3072 ||| DRINKING 2 black potions.
  3073 | Ossuary  | 3073 ||| READING 3 scrolls of identify.
  3073 | Ossuary  | 3073 ||| IDENTIFYING lumpy golden potion
  3074 | Ossuary  | 3074 ||| READING 2 scrolls of identify.
  3074 | Ossuary  | 3074 ||| IDENTIFYING brown potion
  3075 | Ossuary  | 3075 ||| DROPPING potion of attraction.
  3076 | Ossuary  | 3076 ||| DROPPING 3 potions of ambrosia.
  3097 | D:4      | 3097 ||| PLANNING TEMPLE
  3146 | Temple   | Entered the Ecumenical Temple
  3163 | Temple   | 3163 ||| PLANNING OKAWARU WORSHIP
  3327 | Temple   | Became a worshipper of Warmaster Okawaru
  3328 | Temple   | 3328 ||| PLANNING D:1-11
  3646 | D:4      | 3646 ||| READING scroll of enchant armour.
  3646 | D:4      | 3646 ||| ENCHANTING +0 helmet.
  3741 | D:4      | Found an ornate altar of the Wu Jian Council.
  4114 | D:4      | 4114 ||| READING scroll labelled YMIEGH LIOSCH.
  4115 | D:4      | 4115 ||| READING 2 scrolls of identify.
  4115 | D:4      | 4115 ||| IDENTIFYING amethyst potion
  4116 | D:4      | 4116 ||| DROPPING potion of degeneration.
  4142 | D:5      | Entered Level 5 of the Dungeon
  4381 | D:5      | Reached skill level 10 in Ranged Weapons
  4398 | D:5      | Reached XP level 7. HP: 40/40 MP: 9/9
  4399 | D:5      | Noticed Dowan
  4402 | D:5      | Killed Dowan
  4477 | D:5      | Noticed Grinder
  4478 | D:5      | Paralysed by Grinder for 4 turns
  4482 | D:5      | Killed Grinder
  4482 | D:5      | Reached * piety under Okawaru
  4483 | D:5      | Reached skill level 11 in Ranged Weapons
  4503 | D:5      | Found a broken altar of Ashenzari.
  4527 | D:5      | Found a shadowy altar of Dithmenos.
  4550 | D:5      | Noticed Duvessa
  4551 | D:5      | 4551 ||| INVOKING Heroism.
  4552 | D:5      | Killed Duvessa
  4553 | D:5      | Reached skill level 1 in Invocations
  4653 | D:5      | 4653 ||| STAIRDANCE
  4672 | D:4      | 4672 ||| DROPPING +1 leather armour of willpower.
  4869 | D:6      | 4869 ||| INVOKING Heroism.
  4888 | D:6      | 4888 ||| READING scroll of enchant armour.
  4888 | D:6      | 4888 ||| ENCHANTING +1 helmet.
  4902 | D:6      | 4902 ||| STAIRDANCE
  4917 | D:6      | 4917 ||| Stepping ~*~*~tactically~*~*~ (outnumbered).
  4919 | D:6      | 4919 ||| Stepping ~*~*~tactically~*~*~ (outnumbered).
  4921 | D:6      | 4921 ||| Stepping ~*~*~tactically~*~*~ (outnumbered).
  4927 | D:6      | 4927 ||| INVOKING Heroism.
  4928 | D:6      | 4928 ||| INVOKING Heroism.
  4930 | D:6      | Reached XP level 8. HP: 22/44 MP: 8/11
  5168 | D:7      | 5168 ||| INVOKING Heroism.
  5171 | D:7      | Reached skill level 12 in Ranged Weapons
  5171 | D:7      | Reached skill level 3 in Invocations
  5267 | D:7      | 5267 ||| Stepping ~*~*~tactically~*~*~ (outnumbered).
  5371 | D:7      | 5371 ||| READING scroll of enchant weapon.
  5371 | D:7      | 5371 ||| ENCHANTING +4 heavy arbalest.
  5379 | D:7      | Reached skill level 3 in Fighting
  5391 | D:7      | Noticed Menkaure
  5392 | D:7      | 5392 ||| INVOKING Heroism.
  5393 | D:7      | Killed Menkaure
  5489 | D:7      | 5489 ||| DRINKING 2 metallic clear potions.
  5494 | D:7      | 5494 ||| STAIRDANCE
  5600 | D:6      | 5600 ||| Stepping ~*~*~tactically~*~*~ (outnumbered).
  5602 | D:6      | 5602 ||| INVOKING Heroism.
  5610 | D:6      | Slain by a wight

Levels and vault maps discovered:
D:1:      psy_arrival_radial02, layout_loops_ring, ebering_ecumenical_altar_box,
          serial_shops, shop, shop, nicolae_shop_behind_doors,
          nicolae_shop_advertising_works [nicolae_subvault_shop_adworks],
          nicolae_shop_tiny_waterfront, serial_rivers,
          chequers_serial_rivers_micro_c, chequers_serial_rivers_micro_a,
          chequers_serial_rivers_micro_a, chequers_serial_rivers_micro_d,
          nrook_uturn
D:2:      layout_basic, serial_shops, nicolae_shop_trees, shop, minmay_tall_x
D:3:      layout_loops_ring, mainiacjoe_overflow_concentric_impassable
D:4:      layout_basic, nzn_overflow_gifts_of_might_and_magic,
          grunt_temple_overflow_open, old_standard_altar,
          minmay_temple_entry_gardened_gates, chequers_ossuary_entry_cave,
          minivault_5, minmay_increasing_density
D:5:      layout_loops_ring, mainiacjoe_overflow_tiny_flanked,
          lemuel_doored_altar, grunt_decor_fettered, uniq_duvessa, uniq_grinder
D:6:      layout_loops_cross
D:7:      layout_rooms, uniq_menkaure
Temple:   bh_familiar_temple

Skill      XL: |  1  2  3  4  5  6  7  8 |
---------------+-------------------------+-----
Ranged Weapons | 6 7 8 10 11 12 | 12.1
Dodging        | 4 5 |  5.7
Fighting       | 2 3 |  3.1
Invocations    | 2 4 |  4.1
Stealth        | |  1.2

Action                     |  1- 3 |  4- 6 |  7- 9 || total
---------------------------+-------+-------+-------++-------
   Fire: Shortbow          |   103 |    43 |       ||   146
         Arbalest          |       |    74 |    59 ||   133
 Invoke: Heroism           |       |       |     6 ||     6
    Use: Scroll            |     8 |    12 |     2 ||    22
         Potion            |       |     4 |     1 ||     5
 Armour: Leather armour    |     9 |       |       ||     9
         Ring mail         |     1 |       |       ||     1
         Robe              |       |     4 |    13 ||    17
  Dodge: Dodged            |    14 |    26 |    26 ||    66

Table legend:
 A = Non-vault XP
 B = Vault XP
 C = Vault XP percentage of total XP
 D = Non-vault monster count
 E = Vault monster count
 F = Vault count percentage of total count
                 A         B        C        D         E       F
            +---------+---------+-------+---------+---------+-------
      Total |    1289 |    1057 |  45.1 |      85 |      46 |  35.1
            +---------+---------+-------+---------+---------+-------
        D:1 |      36 |       0 |   0.0 |      21 |       0 |   0.0
        D:2 |      25 |       6 |  19.4 |       7 |       4 |  36.4
        D:3 |      71 |       0 |   0.0 |      19 |       0 |   0.0
        D:4 |      56 |     175 |  75.8 |       9 |       7 |  43.8
        D:5 |     250 |     473 |  65.4 |      10 |       3 |  23.1
        D:6 |     254 |       0 |   0.0 |       7 |       0 |   0.0
        D:7 |     597 |     172 |  22.4 |      12 |       1 |   7.7
    Ossuary |       0 |     231 | 100.0 |       0 |      31 | 100.0
            +---------+---------+-------+---------+---------+-------
